 Dungeon Crawl Stone Soup version 0.31-a0-344-gd109795599 (console) character file.

Game seed: 10640838781680865561

52418 jejorda2 the Grappler (level 14, -12/113 HPs)
             Began as a Gnoll Berserker on July 21, 2023.
             Was an Elder of Trog.
             Mangled by a death yak (19 damage)
             ... on level 4 of the Lair of Beasts.
             The game lasted 00:45:04 (15853 turns).

jejorda2 the Grappler (Gnoll Berserker)            Turns: 15853, Time: 00:45:05

Health: -12/113    AC: 25    Str: 22    XL:     14   Next: 64%
Magic:  27/27      EV:  7    Int: 11    God:    Trog [****..]
Gold:   915        SH:  9    Dex:  6    Spells: 32/32 levels left

rFire   . . .        a - +1 demon whip (venom)
rCold   . . .        B - +0 kite shield
rNeg    . . .        F - +0 plate armour
rPois   +            y - +0 helmet
rElec   .            D - +0 cloak
rCorr   +            u - +2 pair of gloves
SInv    .            (no boots)
Will    +++..        x - amulet of the acrobat Stlth
                     e - +4 ring of protection
HPRegen 1.38/turn    G - ring "Ohomorro" {rPois rCorr Int+4 Dex-5 Stlth+}
MPRegen 0.20/turn

%: acrobat
@: strong-willed, on berserk cooldown, regenerating, slowed, very slow
A: fangs 1, strong nose, distributed training
a: Renounce Religion, Berserk, Trog's Hand, Brothers in Arms


You were on level 4 of the Lair of Beasts.
You worshipped Trog.
Trog was greatly pleased with you.
You visited 2 branches of the dungeon, and saw 14 of its levels.
You also visited: Sewer and Bailey.

You collected 957 gold pieces.
You spent 42 gold pieces at shops.

Inventory:

Hand Weapons
 a - a +1 demon whip of venom (weapon)
Missiles
 c - 112 stones (quivered)
 m - 3 throwing nets
 q - 20 poisoned darts
 s - 12 boomerangs
 w - 2 curare-tipped darts
 I - 3 javelins
 K - 4 silver javelins
Armour
 u - a +2 pair of gloves (worn)
 y - a +0 helmet (worn)
 B - a +0 kite shield (worn)
 D - a +0 cloak (worn)
 F - a +0 plate armour (worn)
Jewellery
 e - a +4 ring of protection (left hand)
 r - a ring of fire
 x - an amulet of the acrobat (around neck)
 G - the ring "Ohomorro" (right hand) {rPois rCorr Int+4 Dex-5 Stlth+}
   (You took it off an ogre mage on level 10 of the Dungeon)

   [ring of resist corrosion]

   Int:       It affects your intelligence (+4).
   Dex:       It affects your dexterity (-5).
   rPois:     It protects you from poison.
   rCorr:     It protects you from acid and corrosion.
   Stlth:     It makes you more stealthy.
 J - a ring of flight
 M - a ring of protection from fire
 N - a ring of ice
Wands
 b - a wand of flame (20)
 v - a wand of digging (10)
 A - a wand of roots (13)
 C - a wand of paralysis (6)
Scrolls
 f - 3 scrolls of fear
 h - 3 scrolls of immolation
 o - 3 scrolls of blinking
 p - a scroll of teleportation
 E - 3 scrolls of fog
 P - 2 scrolls of identify
 Q - a scroll of summoning
Potions
 d - 3 potions of lignification
 g - 2 potions of might
 i - 2 potions of enlightenment
 j - 6 potions of invisibility
 k - 2 potions of mutation
 l - 2 potions of haste
 n - a potion of attraction
 t - 4 potions of curing
 z - 2 potions of heal wounds
 L - 2 potions of resistance
 O - a potion of ambrosia
Miscellaneous
 H - a sack of spiders


   Skills:
 + Level 11.5 Fighting
 + Level 9.5 Short Blades
 + Level 9.5 Long Blades
 + Level 9.5 Axes
 + Level 9.5 Maces & Flails
 + Level 9.5 Polearms
 + Level 9.5 Staves
 + Level 9.5 Ranged Weapons
 + Level 9.5 Throwing
 + Level 10.5 Armour
 + Level 10.5 Dodging
 + Level 9.5 Stealth
 + Level 9.5 Shields
 + Level 11.5 Unarmed Combat
 + Level 9.5 Spellcasting
 + Level 7.9 Conjurations
 + Level 7.9 Hexes
 + Level 7.9 Summonings
 + Level 7.9 Necromancy
 + Level 7.9 Translocations
 + Level 7.9 Transmutations
 + Level 7.9 Fire Magic
 + Level 7.9 Ice Magic
 + Level 7.9 Air Magic
 + Level 7.9 Earth Magic
 + Level 7.9 Poison Magic
 + Level 10.3 Invocations
 + Level 9.5 Evocations
 + Level 7.9 Shapeshifting


You had 32 spell levels left.
You didn't know any spells.
Your spell library was empty.

Dungeon Overview and Level Annotations

Branches:
Dungeon (10/15)            Temple (0/1) D:6            Lair (4/5) D:9
 Shoals (0/4) Lair:3       Spider (0/4) Lair:2          Orc (0/2) D:10
  Sewer (visited)          Bailey (visited)
  Slime: Lair:4-5

Altars:
Ashenzari
Cheibriados
Gozag
Kikubaaqudgha
Makhleb
Trog
Wu Jian
Xom

Shops:
D:5 =:*[   D:7 ?   D:8 (   D:9 =


Innate Abilities, Weirdness & Mutations

You have very sharp teeth.
Your uncanny sense of smell can sniff out nearby items.
Your experience applies equally to all skills.


Message History

You hit the death yak but do no damage.
The death yak looks as sick as possible!
The death yak is moderately wounded.
The death yak gores you. The yak gores you but does no damage.
You barely miss the death yak.
You bite the death yak, but do no damage.
The death yak is moderately wounded.
The death yak gores you!! The yak closely misses you.
You hit the death yak but do no damage.
The death yak looks as sick as possible!
The death yak is moderately wounded.
The death yak gores you!! The yak barely misses you.
You are too injured to fight recklessly!
You are too injured to fight recklessly!
You are too injured to fight recklessly!
You are too injured to fight recklessly!
You hit the death yak.
The death yak looks as sick as possible!
The death yak is moderately wounded.
The death yak gores you but does no damage.
You block the yak's attack.
Your skin crawls.
You feel strong-willed. You block the death yak's attack.
The yak gores you but does no damage.
You whack the death yak!
You bite the death yak, but do no damage.
The death yak is heavily wounded.
You block the death yak's attack. The yak barely misses you. The yak gores you!
The death yak gores you!
* * * LOW HITPOINT WARNING * * *
You hit the death yak but do no damage.
The death yak looks as sick as possible!
You bite the death yak, but do no damage.
The death yak is heavily wounded.
The death yak gores you!!
* * * LOW HITPOINT WARNING * * *
The yak gores you.
* * * LOW HITPOINT WARNING * * *
The death yak attacks as you move away! The death yak gores you!!
You die...

..........## ............
...........# P.P........
...........# P........#
...........#### #........#
##..........#.## #........##
##............## ##....# ...#
##............###.....##...##
#............##....?.......##.
#............#@.†..............
###..........YY................
#........................../.
#P.##........................
### ##.......................
#.?.....................
##......................
####...................
#####............#..


You could see a death yak (extremely poisoned) and a yak.

Vanquished Creatures
  Snorg (Lair:3)
  2 hydras (Lair:2)
  Fannar (Lair:3)
  Harold (Lair:1)
  2 catoblepae
  An ogre mage (D:10)
  3 two-headed ogres
  3 death yaks (Lair:4)
  A tengu warrior (D:10)
  Nergalle (D:10)
  Amaemon (D:10)
  2 skysharks
  Pikel (D:6)
  2 orc knights
  A deep elf pyromancer (Bailey)
  2 ugly things (D:10)
  A cyclops (D:10)
  15 elephants
  A manticore (D:10)
  The ghost of XomNomNom the Covered, a novice AtCK of Xom (D:5)
  5 cane toads
  A kobold demonologist (D:9)
  An orange demon (D:10)
  2 rime drakes
  A yaktaur (D:10)
  An efreet (D:10)
  5 komodo dragons
  A troll (D:10)
  A meliai (Lair:2)
  A polar bear (Lair:1)
  25 blink frogs
  7 dream sheep
  A centaur simulacrum (D:10)
  3 wyverns
  37 yaks
  An unseen horror simulacrum (D:10)
  2 shadows
  3 basilisks
  A steam dragon (D:9)
  8 water moccasins
  3 acid dragons
  6 orc warriors
  4 ogres
  3 black bears
  2 ice beasts
  2 sky beasts
  10 wolves
  A boggart (D:10)
  6 centaurs
  2 kobold brigands
  15 bullfrogs
  4 scorpions
  3 wights (D:7)
  13 killer bees
  A jelly (D:7)
  5 howler monkeys
  An electric eel (Lair:3)
  4 hounds
  6 orc priests
  Crazy Yiuf (D:7)
  A gnoll bouda (D:2)
  4 iguanas
  4 orc wizards
  A sleepcap (D:7)
  4 hell rats
  16 gnolls
  8 adders
  A river rat (D:5)
  3 shadow imps
  2 white imps (D:4)
  3 ufetubi (D:4)
  A worm (D:5)
  4 dart slugs
  39 orcs
  7 ball pythons
  8 endoplasms
  3 giant cockroaches
  9 goblins
  7 hobgoblins
  5 jackals (Sewer)
  6 bats
  A frilled lizard (D:2)
  17 kobolds
  16 rats
412 creatures vanquished.

Vanquished Creatures (collateral kills)
  An orc warrior (Bailey)
1 creature vanquished.

Grand Total: 413 creatures vanquished

Notes
Turn   | Place    | Note
-------+----------+-------------------------------------------
     0 | D:1      | jejorda2 the Gnoll Berserker began the quest for the Orb.
     0 | D:1      | Reached XP level 1. HP: 23/23 MP: 1/1
   202 | D:1      | Reached XP level 2. HP: 29/29 MP: 2/2
   605 | D:2      | Reached XP level 3. HP: 35/35 MP: 3/3
   685 | D:2      | Reached skill level 1 in Invocations
   691 | D:2      | Reached skill level 1 in Short Blades
   691 | D:2      | Reached skill level 1 in Long Blades
   691 | D:2      | Reached skill level 1 in Axes
   691 | D:2      | Reached skill level 1 in Maces & Flails
   691 | D:2      | Reached skill level 1 in Polearms
   691 | D:2      | Reached skill level 1 in Staves
   691 | D:2      | Reached skill level 1 in Ranged Weapons
   691 | D:2      | Reached skill level 1 in Throwing
   691 | D:2      | Reached skill level 1 in Stealth
   691 | D:2      | Reached skill level 1 in Shields
   691 | D:2      | Reached skill level 1 in Spellcasting
   691 | D:2      | Reached skill level 1 in Evocations
   758 | D:2      | Reached XP level 4. HP: 41/41 MP: 5/5
   818 | D:2      | Reached ** piety under Trog
   866 | D:2      | Reached skill level 1 in Conjurations
   866 | D:2      | Reached skill level 1 in Hexes
   866 | D:2      | Reached skill level 1 in Summonings
   866 | D:2      | Reached skill level 1 in Necromancy
   866 | D:2      | Reached skill level 1 in Translocations
   866 | D:2      | Reached skill level 1 in Transmutations
   866 | D:2      | Reached skill level 1 in Fire Magic
   866 | D:2      | Reached skill level 1 in Ice Magic
   866 | D:2      | Reached skill level 1 in Air Magic
   866 | D:2      | Reached skill level 1 in Earth Magic
   866 | D:2      | Reached skill level 1 in Poison Magic
   866 | D:2      | Reached skill level 1 in Shapeshifting
   933 | D:2      | Reached XP level 5. HP: 10/47 MP: 5/7
  1632 | D:3      | Reached XP level 6. HP: 52/53 MP: 8/8
  1712 | D:3      | Found an ornate altar of the Wu Jian Council.
  2005 | D:3      | Found an opulent altar of Gozag.
  2005 | D:3      | Found a bloodstained altar of Trog.
  2005 | D:3      | Found a shimmering altar of Xom.
  2241 | D:3      | Reached skill level 5 in Armour
  2241 | D:3      | Reached skill level 5 in Dodging
  2656 | D:4      | Found a snail-covered altar of Cheibriados.
  2904 | D:4      | Noticed a black bear
  2911 | D:4      | Killed a black bear
  2912 | D:4      | Reached XP level 7. HP: 60/60 MP: 10/10
  3077 | D:5      | Entered Level 5 of the Dungeon
  3084 | D:5      | Noticed XomNomNom's ghost (novice AtCK)
  3087 | D:5      | Found a runed translucent door.
  3110 | D:5      | Found a broken altar of Ashenzari.
  3121 | D:5      | Found Docymn's Book Emporium.
  3130 | D:5      | Found Oloufaij's Jewellery Emporium.
  3188 | D:5      | Reached *** piety under Trog
  3196 | D:5      | Found a glowing drain.
  3211 | Sewer    | Entered a sewer
  3402 | Sewer    | Found a white marble altar of Elyvilon.
  3637 | D:5      | Found a burning altar of Makhleb.
  3722 | D:5      | Found Cakeclir's General Store.
  3806 | D:5      | Found Ziforenk's Armour Shoppe.
  4011 | D:5      | Bought a scroll of teleportation for 42 gold pieces
  4088 | D:6      | Reached XP level 8. HP: 67/67 MP: 12/12
  4192 | D:5      | Killed XomNomNom's ghost
  4263 | D:6      | Found a staircase to the Ecumenical Temple.
  4319 | D:6      | Noticed Pikel
  4341 | D:6      | Killed Pikel
  4342 | D:6      | Reached XP level 9. HP: 74/74 MP: 13/15
  4776 | D:6      | Identified the +2 dagger of Nemelex Xobeh {flame, Int+3
                  | Dex-5 SInv}
  4940 | D:6      | Reached skill level 5 in Invocations
  5176 | D:7      | Found Futzuko's Magic Scroll Shoppe.
  5510 | D:7      | Reached XP level 10. HP: 52/77 MP: 17/17
  5651 | D:7      | Reached skill level 5 in Short Blades
  5651 | D:7      | Reached skill level 5 in Long Blades
  5651 | D:7      | Reached skill level 5 in Axes
  5651 | D:7      | Reached skill level 5 in Maces & Flails
  5651 | D:7      | Reached skill level 5 in Polearms
  5651 | D:7      | Reached skill level 5 in Staves
  5651 | D:7      | Reached skill level 5 in Ranged Weapons
  5651 | D:7      | Reached skill level 5 in Throwing
  5651 | D:7      | Reached skill level 5 in Stealth
  5651 | D:7      | Reached skill level 5 in Shields
  5651 | D:7      | Reached skill level 5 in Spellcasting
  5651 | D:7      | Reached skill level 5 in Evocations
  5687 | D:7      | Found a runed translucent door.
  5688 | D:7      | Noticed Crazy Yiuf
  5693 | D:7      | Killed Crazy Yiuf
  5831 | D:8      | Noticed a two-headed ogre
  5846 | D:8      | Killed a two-headed ogre
  5936 | D:8      | Identified the +5 sling of Chagrin {heavy, Dex+2}
  6031 | D:8      | Reached **** piety under Trog
  6489 | D:8      | Found Cauzebre's Antique Weapon Emporium.
  6916 | D:9      | Noticed a kobold demonologist
  6926 | D:9      | Killed a kobold demonologist
  6930 | D:9      | Found Ammioxemp's One-of-a-Kind Rings.
  6960 | D:9      | Found an ancient bone altar of Kikubaaqudgha.
  6966 | D:9      | Found a flagged portal.
  6969 | D:9      | Noticed a two-headed ogre
  6980 | D:9      | Killed a two-headed ogre
  7108 | Bailey   | Entered a bailey
  7198 | Bailey   | Reached XP level 11. HP: 79/87 MP: 19/19
  7209 | Bailey   | Found a large runed translucent door.
  7209 | Bailey   | Found a large runed translucent door.
  7209 | Bailey   | Noticed a deep elf pyromancer
  7216 | Bailey   | Reached skill level 5 in Conjurations
  7216 | Bailey   | Reached skill level 5 in Hexes
  7216 | Bailey   | Reached skill level 5 in Summonings
  7216 | Bailey   | Reached skill level 5 in Necromancy
  7216 | Bailey   | Reached skill level 5 in Translocations
  7216 | Bailey   | Reached skill level 5 in Transmutations
  7216 | Bailey   | Reached skill level 5 in Fire Magic
  7216 | Bailey   | Reached skill level 5 in Ice Magic
  7216 | Bailey   | Reached skill level 5 in Air Magic
  7216 | Bailey   | Reached skill level 5 in Earth Magic
  7216 | Bailey   | Reached skill level 5 in Poison Magic
  7216 | Bailey   | Reached skill level 5 in Shapeshifting
  7298 | Bailey   | Noticed an orc knight
  7312 | Bailey   | Killed an orc knight
  7403 | Bailey   | Killed a deep elf pyromancer
  7597 | D:9      | Found a staircase to the Lair.
  7622 | D:9      | Noticed a two-headed ogre
  7635 | D:9      | Killed a two-headed ogre
  7942 | D:9      | Reached XP level 12. HP: 97/97 MP: 20/22
  8367 | D:10     | Entered Level 10 of the Dungeon
  8412 | D:10     | Found a staircase to the Orcish Mines.
  8532 | D:10     | Noticed a tengu warrior
  8550 | D:10     | Killed a tengu warrior
  8719 | D:10     | Noticed Nergalle
  8737 | D:10     | Killed Nergalle
  8744 | D:10     | Reached skill level 10 in Fighting
  8744 | D:10     | Reached skill level 10 in Unarmed Combat
  8945 | D:10     | Noticed Amaemon
  8963 | D:10     | Killed Amaemon
  9313 | D:10     | Identified the staff "Worm's Wrath" {rC+ Str+4 Conj Ice}
  9607 | D:10     | Identified the +4 dagger of the Chewing Scavenger {freeze,
                  | rC+ SInv Stlth+}
  9607 | D:10     | Identified the ring "Ohomorro" {rPois rCorr Int+4 Dex-5
                  | Stlth+}
  9607 | D:10     | Noticed an ogre mage
  9619 | D:10     | Killed an ogre mage
  9833 | D:10     | Identified the staff "Inkom" {rPois rC+ Dex-5 Conj Ice}
 10052 | D:10     | Reached XP level 13. HP: 90/103 MP: 24/24
 10217 | Lair:1   | Entered Level 1 of the Lair of Beasts
 11260 | Lair:1   | Noticed Harold
 11273 | Lair:1   | Killed Harold
 11446 | Lair:2   | Found a hole to the Spider Nest.
 11488 | Lair:1   | HP: 1/100 [catoblepas (13)]
 13518 | Lair:3   | Reached skill level 10 in Armour
 13518 | Lair:3   | Reached skill level 10 in Dodging
 13646 | Lair:3   | Found a staircase to the Shoals.
 13649 | Lair:3   | Noticed Snorg
 13674 | Lair:3   | Killed Snorg
 13675 | Lair:3   | Reached XP level 14. HP: 43/113 MP: 26/26
 14417 | Lair:3   | Noticed Fannar
 14433 | Lair:3   | Killed Fannar
 14434 | Lair:3   | Reached skill level 10 in Invocations
 15853 | Lair:4   | Mangled by a death yak

Illustrated notes

Levels and vault maps discovered:
D:1:      dpeg_arrival_three_same_balls, layout_rooms
D:2:      cheibrodos_helix_gallery, layout_rooms, palyth_stone_intersect,
          minivault_23
D:3:      layout_basic, gammafunk_temple_overflow_forgotten, pf_just_have_faith,
          minmay_between
D:4:      black_bear_nest_2, layout_basic, mainiacjoe_overflow_surrounded_room,
          serial_demonic, serial_demonic_a, serial_demonic_c, serial_demonic_e,
          serial_demonic_f, serial_demonic_a
D:5:      layout_cave_pools, mainiacjoe_overflow_tiny_flanked,
          nicolae_overflow_crystal_walls, gup_sewer_entry_bubbles,
          hellmonk_ghost_happy_afterlife, serial_shops,
          nicolae_shop_real_fake_doors, nicolae_shop_tiny_waterfront, shop,
          nicolae_shop_window_shopping
D:6:      layout_rooms, minmay_temple_entry_stoned_glass, minmay_bent,
          uniq_pikel
D:7:      layout_basic, serial_shops, shop, uniq_crazy_yiuf_cottage
D:8:      layout_loops_cross, serial_shops, nicolae_shop_statue_plus,
          st_stairs_14
D:9:      layout_cave_pools, nicolae_kikubaaqudgha_miasma_corner,
          lair_entry_dummy, enter_bailey_5, serial_rivers,
          chequers_serial_rivers_micro_b, chequers_serial_rivers_micro_b,
          chequers_serial_rivers_small_b, chequers_serial_rivers_marsh,
          nicolae_shop_unique_rings
D:10:     minmay_cut_squares, layout_loops_ring, minmay_orc_entry_temple_small,
          uniq_amaemon, uniq_nergalle
Lair:1:   layout_long_grid, serial_bayou_pond_d, infiniplex_staircase_pool,
          uniq_harold
Lair:2:   layout_concentric_octagons, hellmonk_spider_entry_not_the_bees
Lair:3:   layout_cave_pods, minmay_shoals_entry_centaurs, fungi_pond_lemuel,
          uniq_snorg, uniq_fannar
Lair:4:   lemuel_slime, layout_hall_layers, st_stairs_7, beast_lair_carwin_5,
          infiniplex_staircase_pool_2, lemuel_fruit_tree

Skill      XL: |  1  2  3  4  5  6  7  8  9 10 11 12 13 14 |
---------------+-------------------------------------------+-----
Invocations    | 1 2 3 4 5 6 7 8 9 10 | 10.3
Short Blades   | 1 2 4 5 7 8 9 |  9.5
Long Blades    | 1 2 4 5 7 8 9 |  9.5
Axes           | 1 2 4 5 7 8 9 |  9.5
Maces & Flails | 1 2 4 5 7 8 9 |  9.5
Polearms       | 1 2 4 5 7 8 9 |  9.5
Staves         | 1 2 4 5 7 8 9 |  9.5
Ranged Weapons | 1 2 4 5 7 8 9 |  9.5
Throwing       | 1 2 4 5 7 8 9 |  9.5
Stealth        | 1 2 4 5 7 8 9 |  9.5
Shields        | 1 2 4 5 7 8 9 |  9.5
Spellcasting   | 1 2 4 5 7 8 9 |  9.5
Evocations     | 1 2 4 5 7 8 9 |  9.5
Conjurations   | 1 2 3 4 5 6 7 |  7.9
Hexes          | 1 2 3 4 5 6 7 |  7.9
Summonings     | 1 2 3 4 5 6 7 |  7.9
Necromancy     | 1 2 3 4 5 6 7 |  7.9
Translocations | 1 2 3 4 5 6 7 |  7.9
Transmutations | 1 2 3 4 5 6 7 |  7.9
Fire Magic     | 1 2 3 4 5 6 7 |  7.9
Ice Magic      | 1 2 3 4 5 6 7 |  7.9
Air Magic      | 1 2 3 4 5 6 7 |  7.9
Earth Magic    | 1 2 3 4 5 6 7 |  7.9
Poison Magic   | 1 2 3 4 5 6 7 |  7.9
Shapeshifting  | 1 2 3 4 5 6 7 |  7.9
Armour         | 5 6 7 8 9 10 | 10.5
Dodging        | 5 6 7 8 9 10 | 10.5
Fighting       | 7 8 9 10 11 | 11.5
Unarmed Combat | 7 8 9 10 11 | 11.5

Action                     |  1- 3 |  4- 6 |  7- 9 | 10-12 | 13-15 || total
---------------------------+-------+-------+-------+-------+-------++-------
  Melee: Unarmed           |    52 |   168 |   269 |   317 |       ||   806
         Punch             |     3 |     6 |    13 |    11 |       ||    33
         Bite              |     3 |    13 |    33 |    50 |   121 ||   220
         Great mace        |       |       |    20 |    28 |       ||    48
         Demon whip        |       |       |       |    95 |   856 ||   951
  Throw: Dart              |       |       |     2 |       |       ||     2
         Stone             |       |       |       |       |     8 ||     8
 Invoke: Berserk           |     2 |     6 |     8 |    16 |    24 ||    56
         Trog's Hand       |       |     1 |     2 |     8 |    12 ||    23
         Brothers in Arms  |       |       |       |     1 |       ||     1
  Evoke: Wand              |       |       |       |     6 |     2 ||     8
    Use: Scroll            |       |       |    19 |     6 |     8 ||    33
         Potion            |       |       |       |     2 |     3 ||     5
   Stab: Paralysed         |       |       |       |     5 |     3 ||     8
         Petrified         |       |       |       |       |     2 ||     2
 Armour: Chain mail        |    26 |    68 |   101 |    71 |       ||   266
         Plate armour      |       |       |       |   183 |   446 ||   629
  Dodge: Dodged            |    25 |    79 |   126 |   192 |   280 ||   702
  Block: Other             |       |    10 |    30 |       |       ||    40
         Reflection        |       |       |     3 |       |       ||     3
         Kite shield       |       |       |       |    48 |   374 ||   422

Table legend: (Time is in decaauts)
 A = Elapsed time spent in this place.
 B = Non-inter-level travel time spent in this place.
 C = Inter-level travel time spent in this place.
 D = Time resting spent in this place.
 E = Time spent auto-exploring this place.
 F = Levels seen in this place.
 G = Mean time per level.
                   A        B        C        D        E       F      G
               +--------+--------+--------+--------+--------+-----+--------+
         Total |  16064 |  15204 |    860 |   2115 |   9848 |  16 | 1004.0 |
       Dungeon |   9878 |   9310 |    568 |   1261 |   6296 |  10 |  987.8 |
          Lair |   5489 |   5197 |    292 |    732 |   3340 |   4 | 1372.2 |
         Sewer |    307 |    307 |      0 |      0 |    183 |   1 |  307.0 |
        Bailey |    389 |    389 |      0 |    122 |     28 |   1 |  389.0 |
               +--------+--------+--------+--------+--------+-----+--------+

Top non-repeatable levels by time:
  Lair:3: 1898 daAuts
  Lair:2: 1818 daAuts
    D:10: 1648 daAuts
     D:9: 1492 daAuts
  Lair:1: 1337 daAuts
     D:8: 1044 daAuts
     D:5: 899 daAuts
     D:6: 892 daAuts
     D:3: 863 daAuts
     D:2: 795 daAuts
     D:4: 791 daAuts
     D:7: 776 daAuts
     D:1: 675 daAuts
  Lair:4: 435 daAuts
  Bailey: 389 daAuts
